[Event "*** SCC Grand Prix: Titled Tuesday Blitz"]
[Site "Chess.com"]
[Date "2020.06.02"]
[Round "8"]
[White "Crazy_girl99"]
[Black "barbara25"]
[Result "0-1"]
[WhiteElo "2403"]
[BlackElo "2243"]
[TimeControl "180+1"]
[EndTime "11:35:15 PDT"]
[Termination "barbara25 won by resignation"]

1. e4 c5 2. Nf3 d6 3. d4 cxd4 4.
Nxd4 Nf6 5. Nc3 a6 6. h3 e5 7. Nde2 Be7 8. Ng3 Be6 9. Bg5 Nbd7 10. Be2 O-O 11. Qd2 Rc8 12. O-O b5 13. a3 Nb6 14.
Rad1 Nc4 15. Bxc4 Rxc4 16. f4 exf4 17. Bxf4 Qb6+ 18. Kh2 a5 19. Bxd6 Bxd6 20. Qxd6 Qxd6 21. Rxd6 b4 22. axb4 axb4 23. Nd5 Bxd5 24. exd5 Rxc2 25.
b3 Rd2 26. Rfxf6 gxf6 27. Ne4 Rd3 28. Nxf6+ Kh8 29. Rb6 Rxb3 30. d6 Rd8 31. d7 Kg7 32.
Nh5+ Kf8 33. Nf6 h6 34. Rb7 Ke7 35. Nd5+ Kd6 36. Nf6 Rb1 37. Kg3 b3 38. Kf2 b2 39.
g4 Rh1 40. Ne4+ Kc6 0-1

[Event "*** SCC Grand Prix: Titled Tuesday Blitz"]
[Site "Chess.com"]
[Date "2020.06.02"]
[Round "8"]
[White "Gerodot71"]
[Black "Michaelson_11"]
[Result "1-0"]
[WhiteElo "2371"]
[BlackElo "2028"]
[TimeControl "180+1"]
[EndTime "11:35:15 PDT"]
[Termination "Gerodot71 won by resignation"]

1. d4 Nf6 2. c4 e6 3. Nf3 d5 4. g3 Bb4+ 5. Bd2 Bd6 6. Nc3 c6 7.
Bg5 Nbd7 8. e4 dxe4 9. Nxe4 Be7 10. Nxf6+ Nxf6 11. Bg2 O-O 12. O-O Ne4 13. Bxe7 Qxe7 14.
Qe2 Nf6 15. Rad1 Rd8 16. Ne5 Bd7 17. a3 Be8 18. b4 Rac8 19. Qb2 b6 20. a4 c5 21.
dxc5 bxc5 22. b5 Rd6 23. a5 Rcd8 24. Rxd6 Qxd6 25. Bf3 Qd4 26. Qe2 Qd2 27. Qxd2 Rxd2 28. Rb1 Nd7 29. Nxd7 Rxd7 30. b6 axb6 31. axb6 Rd8 32.
b7 Rb8 33. Ra1 1-0

[Event "*** SCC Grand Prix: Titled Tuesday Blitz"]
[Site "Chess.com"]
[Date "2020.06.02"]
[Round "8"]
[White "talaicito"]
[Black "zala02"]
[Result "1-0"]
[WhiteElo "2132"]
[BlackElo "2219"]
[TimeControl "180+1"]
[EndTime "11:35:15 PDT"]
[Termination "talaicito won by resignation"]

1. d4 Nf6 2. Bf4 d6 3. Nc3 d5 4. e3 e6 5. Nf3 Bd6 6. Bd3 O-O 7. O-O c5 8. dxc5 Bxc5 9. e4 dxe4 10. Nxe4 Nxe4 11.
Bxe4 Qxd1 12. Raxd1 Nc6 13. Bd6 Bxd6 14. Rxd6 Ne7 15.
Ne5 Rb8 16. Rfd1 Nf5 17. Rd8 f6 18. Bxf5 exf5 19. Rxf8+ Kxf8 20. Nd7+ Bxd7 21. Rxd7 a6 22. Kf1 b5 23. c3 Rb6 24. Ke2 b4 25. c4 b3 26. a3 Rc6 27. Kd3 Re6 28. Kc3 Re2 29. Rd2 Re1 30. Kxb3 Rg1 31. f3 Rh1 32. h3 g5 33. c5 g4 34. hxg4 fxg4 35. c6 gxf3 36. c7 fxg2 37. c8=Q+ 1-0

[Event "*** SCC Grand Prix: Titled Tuesday Blitz"]
[Site "Chess.com"]
[Date "2020.06.02"]
[Round "8"]
[White "fodorpoti"]
[Black "AnishGiri"]
[Result "0-1"]
[WhiteElo "2772"]
[BlackElo "2983"]
[TimeControl "180+1"]
[EndTime "11:35:17 PDT"]
[Termination "AnishGiri won by resignation"]

1. d4 Nf6 2. c4 e6 3. Nc3 Bb4 4. Qc2 c5 5. dxc5 O-O 6. Nf3 Na6 7. g3 Nxc5 8. Bd2 b6 9. Bg2 Bb7 10. O-O Qe7 11. Rad1 Rfd8 12. a3 Bxc3 13. Bxc3 Nce4 14.
Bd4 Rac8 15. Qa4 Ra8 16. b4 d6 17. Rc1 h6 18. Rfd1 e5 19. Bb2 Ng4 20. Rf1 f5 21. Qb3 Kh8 22. Rcd1 Qe6 23. Ne1 b5 24. Qc2 bxc4 25.
Bc1 d5 26. h3 Ngf6 27. Kh2 d4 28. f4 Nh5 29. Nf3 Nexg3 30. Nxe5 Nxf1+ 31. Rxf1 Bxg2 32. Kxg2 d3 33. exd3 cxd3 34. Qd2 Rac8 35. Rf2 Rc2 36. Qd1 Qd5+ 37. Kg1 Ng3 0-1

[Event "*** SCC Grand Prix: Titled Tuesday Blitz"]
[Site "Chess.com"]
[Date "2020.06.02"]
[Round "8"]
[White "chito89"]
[Black "vlad_Sid"]
[Result "0-1"]
[WhiteElo "2799"]
[BlackElo "2656"]
[TimeControl "180+1"]
[EndTime "11:35:17 PDT"]
[Termination "vlad_Sid won by resignation"]

1. d4 Nf6 2. Nf3 c5 3. d5 g6 4. c4 b5 5. cxb5 a6 6. bxa6 Bg7 7. Nc3 O-O 8. e4 Qa5 9. Bd2 Bxa6 10. e5 Ne8 11. h4 d6 12. h5 dxe5 13. hxg6 hxg6 14.
Ng5 Nd7 15. Qg4 Nef6 16. Qh3 Bxf1 17. Kxf1 Qb6 18. Rb1 Rfb8 19. Nge4 Nxe4 20. Qh7+ Kf8 21. Bh6 Ke8 22. Nxe4 Bxh6 23. Rxh6 Nf6 24. Nxf6+ Qxf6 25. a3 Kd7 26. d6 Rh8 0-1

[Event "*** SCC Grand Prix: Titled Tuesday Blitz"]
[Site "Chess.com"]
[Date "2020.06.02"]
[Round "8"]
[White "PetrolulSah"]
[Black "chessbia"]
[Result "1-0"]
[WhiteElo "2230"]
[BlackElo "2110"]
[TimeControl "180+1"]
[EndTime "11:35:17 PDT"]
[Termination "PetrolulSah won on time"]

1. d4 d5 2. Nf3 Nf6 3. g3 Bg4 4.
Bg2 e6 5. O-O Nbd7 6. c4 c6 7.
Qb3 Qb6 8. c5 Qxb3 9. axb3 a6 10. b4 Rc8 11. Nc3 Be7 12. Nd2 e5 13. e3 O-O 14. Nb3 exd4 15. exd4 Bd8 16. Na5 Bxa5 17. bxa5 Ne8 18. Re1 Nc7 19. b4 Rfe8 20. Bf4 Ne6 21. Be3 Bh5 22. Na4 Bg6 23. Nb6 Rcd8 24. h4 h5 25. Bh3 Nf6 26. Rad1 Be4 27. Bg5 1-0

[Event "*** SCC Grand Prix: Titled Tuesday Blitz"]
[Site "Chess.com"]
[Date "2020.06.02"]
[Round "8"]
[White "Kapibara_Warri0r"]
[Black "Quattroporte300"]
[Result "0-1"]
[WhiteElo "2117"]
[BlackElo "2285"]
[TimeControl "180+1"]
[EndTime "11:35:17 PDT"]
[Termination "Quattroporte300 won on time"]

1. e4 c5 2. Nf3 e6 3. d4 cxd4 4. Nxd4 Nc6 5. g3 d5 6. Nxc6 bxc6 7. Bg2 Ba6 8. Nc3 Nf6 9. e5 Nd7 10. Bf4 Rb8 11. Qc1 Bb4 12. a3 Be7 13. Bf1 Bxf1 14.
Kxf1 O-O 15. Kg2 c5 16. b3 g5 17. Be3 Nxe5 18. Ne2 d4 19. Bd2 Qd5+ 20. Kg1 Nf3+ 0-1

[Event "*** SCC Grand Prix: Titled Tuesday Blitz"]
[Site "Chess.com"]
[Date "2020.06.02"]
[Round "8"]
[White "Micki-taryan"]
[Black "SantoBlue"]
[Result "0-1"]
[WhiteElo "3021"]
[BlackElo "2800"]
[TimeControl "180+1"]
[EndTime "11:35:18 PDT"]
[Termination "SantoBlue won by resignation"]

1. Nf3 d6 2. e4 Nf6 3. Nc3 e5 4. d4 Nbd7 5. g3 Be7 6. Bg2 c6 7. O-O b5 8. a3 a5 9. Re1 O-O 10. Be3 Rb8 11. b4 axb4 12. axb4 Qc7 13. Nh4 Nb6 14. h3 Nc4 15. Bc1 Re8 16. Nf5 Bxf5 17.
exf5 exd4 18. Qxd4 d5 19. Ra7 Qd8 20. Bf4 Ra8 21. Na2 Rxa7 22. Qxa7 Bd6 23. Rxe8+ Qxe8 24. Bxd6 Nxd6 25. g4 h6 26. Qe3 Qa8 27. Nc1 Qa1 28.
Kh2 Nc4 29. Qe1 Qb2 30. c3 Ne4 31. Nd3 Qxc3 32. Bxe4 Qxe1 33. Nxe1 dxe4 34. Nc2 Ne5 35.
Kg3 Nd3 36. f3 e3 37. Nxe3 Nxb4 38. Kf4 Nd5+ 39. Nxd5 cxd5 40. Ke5 b4 41. Kxd5 b3 42. Kc4 b2 43. Kc3 b1=Q 0-1

[Event "*** SCC Grand Prix: Titled Tuesday Blitz"]
[Site "Chess.com"]
[Date "2020.06.02"]
[Round "8"]
[White "neurisdr"]
[Black "Oleksandr_Bortnyk"]
[Result "0-1"]
[WhiteElo "2771"]
[BlackElo "2959"]
[TimeControl "180+1"]
[EndTime "11:35:21 PDT"]
[Termination "Oleksandr_Bortnyk won by resignation"]

1. e4 Nf6 2. e5 Nd5 3. c4 Nb6 4. c5 Nd5 5. Nc3 e6 6. Bc4 Nxc3 7. dxc3 Nc6 8. Bf4 Bxc5 9. Qg4 Bf8 10. Nf3 d5 11. O-O-O Qe7 12. Bb3 Bd7 13. Rhe1 h6 14. Bg3 O-O-O 15. h4 g6 16. h5 g5 17. Nh2 Qc5 18. Qf3 d4 19. Qxf7 Be7 20. Bxe6 Rhf8 21.
Bxd7+ Rxd7 22. Qe6 Rd8 23. c4 Kb8 24. Rd3 Nb4 25.
Rb3 d3 26. Rd1 d2+ 27. Kb1 Qd4 28. Qf5 Qxc4 29. Rxb4 Bxb4 30. a3 Bxa3 31. Qc2 Qxc2+ 32. Kxc2 Bf8 33. Ng4 Rd4 34. b3 Rxg4 0-1

[Event "*** SCC Grand Prix: Titled Tuesday Blitz"]
[Site "Chess.com"]
[Date "2020.06.02"]
[Round "8"]
[White "Pechen_Yeltsina"]
[Black "DivyaDeshmukh23"]
[Result "1-0"]
[WhiteElo "2713"]
[BlackElo "2476"]
[TimeControl "180+1"]
[EndTime "11:35:22 PDT"]
[Termination "Pechen_Yeltsina won by resignation"]

1. e4 c5 2. Nf3 d6 3. g3 Nf6 4.
d3 Nc6 5. Bg2 g6 6. O-O Bg7 7.
Nbd2 O-O 8. a4 Qc7 9. Nc4 b6 10. e5 dxe5 11. Nfxe5 Bb7 12. Bf4 Nxe5 13. Bxe5 Qc8 14.
a5 Bxg2 15. Kxg2 Qc6+ 16. Qf3 Qxf3+ 17. Kxf3 b5 18. Ne3 Rfd8 19. a6 Ne8 20. Bxg7 Kxg7 21. Ra5 Nc7 22. Rfa1 Rab8 23. Nd1 Rd6 24. Nc3 Rbb6 25.
Ke2 f5 26. f4 b4 27. Na4 Rxa6 28. Nxc5 Rac6 29. Kd2 Nd5 30. Nb3 Nb6 31. Rxa7 Kf6 32.
Re1 Nc8 33. Rb7 e6 34. Rxb4 Nb6 35. Rd4 Nd5 36. c4 Nb4 37. Rxd6 Rxd6 38. d4 Ra6 39. Nc5 Ra8 40. Rxe6+ Kf7 41. d5 Ra2 42. Kc3 1-0

[Event "*** SCC Grand Prix: Titled Tuesday Blitz"]
[Site "Chess.com"]
[Date "2020.06.02"]
[Round "8"]
[White "Vlad_Lukiianchuk"]
[Black "AlexSuv"]
[Result "0-1"]
[WhiteElo "2581"]
[BlackElo "2753"]
[TimeControl "180+1"]
[EndTime "11:35:23 PDT"]
[Termination "AlexSuv won by resignation"]

1. d4 Nf6 2. c4 e6 3. Nf3 d5 4.
Nc3 Bb4 5. Bg5 dxc4 6. e4 h6 7. Bxf6 Qxf6 8. Bxc4 O-O 9. O-O c5 10. e5 Qd8 11. d5 Bxc3 12. bxc3 exd5 13. Bxd5 Nc6 14. Bxc6 bxc6 15. Qa4 Qb6 16. Rab1 Qa6 17. Qxa6 Bxa6 18. Rfd1 Rfd8 19. Ne1 Rab8 20. Rxb8 Rxb8 21. f4 Bc4 22. Rd7 Rb1 23. Kf2 Rb2+ 24. Kg3 Rxa2 25. f5 a5 26. f6 gxf6 27. exf6 a4 28. Nf3 a3 29. Ne5 Be6 30. Rd8+ Kh7 31. Ra8 Ra1 32.
Nxc6 a2 33. c4 Bxc4 34. Ne5 Bd5 35. Rd8 Rd1 36. Nxf7 0-1

[Event "*** SCC Grand Prix: Titled Tuesday Blitz"]
[Site "Chess.com"]
[Date "2020.06.02"]
[Round "8"]
[White "econpower"]
[Black "Khamrakulov_Djurabek"]
[Result "1-0"]
[WhiteElo "2655"]
[BlackElo "2796"]
[TimeControl "180+1"]
[EndTime "11:35:25 PDT"]
[Termination "econpower won by resignation"]

1. c4 e5 2. g3 Nf6 3. Bg2 c6 4. Nc3 Be7 5. d3 O-O 6. Nf3 d5 7. cxd5 cxd5 8. O-O Nc6 9. a3 h6 10. b4 a6 11. Bb2 Be6 12. Rc1 Rc8 13. Na4 e4 14. Nd4 Nxd4 15. Bxd4 Rxc1 16. Qxc1 Qd7 17. Nc5 Bxc5 18. bxc5 Qe7 19. Qb2 exd3 20. exd3 Rc8 21. Bxf6 Qxf6 22. Qxf6 gxf6 23. d4 Rc7 24. Rb1 Kf8 25.
f4 Ke7 26. Kf2 Kd8 27. Bf3 Kc8 28. g4 f5 29. g5 hxg5 30. fxg5 f4 31. h4 f6 32. g6 Bf5 33. Rg1 Rg7 34. h5 Kd7 35. Bxd5 1-0

[Event "*** SCC Grand Prix: Titled Tuesday Blitz"]
[Site "Chess.com"]
[Date "2020.06.02"]
[Round "8"]
[White "Shota_Azaladze"]
[Black "Reality-Stone"]
[Result "1-0"]
[WhiteElo "2814"]
[BlackElo "2492"]
[TimeControl "180+1"]
[EndTime "11:35:25 PDT"]
[Termination "Shota_Azaladze won by checkmate"]

1. Nf3 d5 2. g3 c6 3. Bg2 Bg4 4.
O-O e6 5. d4 Bd6 6. Nbd2 Nf6 7.
Re1 O-O 8. e4 dxe4 9. Nxe4 Nxe4 10. Rxe4 Bf5 11. Re1 Nd7 12. Nh4 Re8 13. Nxf5 exf5 14.
c3 Nf6 15. Bg5 Rxe1+ 16. Qxe1 h6 17. Bd2 Qd7 18. Qe2 Re8 19. Qd3 Ne4 20. Be3 Qe6 21. c4 Nf6 22. Rd1 f4 23. d5 cxd5 24. cxd5 Qg4 25. Bxa7 fxg3 26. hxg3 Qa4 27. Bd4 Qxa2 28.
Bxf6 gxf6 29. Qb5 Re7 30. Bf3 Qa7 31. Kg2 Rc7 32. Be4 Kg7 33. Bb1 Qa6 34. Qb3 Qc4 35. Qf3 Qb4 36. Qf5 Qxb2 37. Re1 Be5 38. d6 Rc1 39.
Qh7+ Kf8 40. Qh8# 1-0

[Event "*** SCC Grand Prix: Titled Tuesday Blitz"]
[Site "Chess.com"]
[Date "2020.06.02"]
[Round "8"]
[White "Vandros57"]
[Black "qqwow"]
[Result "1/2-1/2"]
[WhiteElo "2240"]
[BlackElo "2351"]
[TimeControl "180+1"]
[EndTime "11:35:25 PDT"]
[Termination "Game drawn by repetition"]

1. d4 e6 2. Nf3 f5 3. g3 Nf6 4. Bg2 d6 5. O-O Be7 6. c4 O-O 7. Nc3 Ne4 8. Nxe4 fxe4 9. Nd2 d5 10. e3 c5 11. cxd5 exd5 12. dxc5 Bxc5 13. Nb3 Be7 14. Bd2 Nc6 15. Bc3 Be6 16. Nd4 Nxd4 17. Qxd4 Bf6 18. Qd2 Bxc3 19. Qxc3 Rc8 20. Qd4 Qb6 21. Qxb6 axb6 22.
Rac1 Rc6 23. f3 exf3 24. Rxc6 bxc6 25. Rxf3 Rxf3 26. Bxf3 Kf7 27. Kf2 Kf6 28. Ke2 Ke5 29. Kd3 c5 30. a3 b5 31. b4 Bf5+ 32. Kc3 d4+ 33. exd4+ cxd4+ 34. Kd2 Be4 35. Be2 Bc6 36. Bd3 h6 37. h4 g5 38. hxg5 hxg5 39. Ke2 Bd7 40.
Kd2 Kd5 41. Ke2 Ke5 42. Kf3 g4+ 43. Ke2 Kd5 44. Kd2 Bc6 45. Be2 Bd7 46. Bd3 Ke5 47.
Ke2 Bc6 48. Kd2 Kd5 49. Be2 Bd7 50. Bd3 1/2-1/2

[Event "*** SCC Grand Prix: Titled Tuesday Blitz"]
[Site "Chess.com"]
[Date "2020.06.02"]
[Round "8"]
[White "killer311"]
[Black "antoszu"]
[Result "1-0"]
[WhiteElo "2412"]
[BlackElo "2534"]
[TimeControl "180+1"]
[EndTime "11:35:26 PDT"]
[Termination "killer311 won by resignation"]

1. d4 Nf6 2. c4 e6 3. Nc3 Bb4 4.
e3 O-O 5. Bd2 b6 6. Nf3 Bb7 7. Bd3 d5 8. cxd5 exd5 9. Rc1 Be7 10. Ne5 Nbd7 11. f4 c5 12. O-O Ne4 13. Nxe4 dxe4 14. Bc4 Nxe5 15. dxe5 Bd5 16. Bxd5 Qxd5 17. Qc2 Rfd8 18. Rfd1 Qd3 19. Kf2 Qxc2 20. Rxc2 b5 21.
b3 Rd3 22. Ke2 Rad8 23. Rdc1 R8d5 24. Be1 f5 25. exf6 gxf6 26. g4 h5 27. h3 Kf7 28.
f5 Rd8 29. Ba5 Rg8 30. Rg1 Rd5 31. Rd2 Rxf5 32. Rd7 Re5 33. Rxa7 hxg4 34. hxg4 Rh8 35. Rg2 Kg6 36. Bc3 Re6 37. g5 fxg5 1-0

[Event "*** SCC Grand Prix: Titled Tuesday Blitz"]
[Site "Chess.com"]
[Date "2020.06.02"]
[Round "8"]
[White "Lenyas66"]
[Black "VitaliyBernadskiy"]
[Result "1-0"]
[WhiteElo "2547"]
[BlackElo "2670"]
[TimeControl "180+1"]
[EndTime "11:35:27 PDT"]
[Termination "Lenyas66 won by resignation"]

1. e4 c5 2. Nf3 d6 3. Bb5+ Nd7 4. a4 Nf6 5. Nc3 e6 6. O-O Be7 7. a5 a6 8. Be2 O-O 9. d4 cxd4 10. Qxd4 Qc7 11.
Rd1 Re8 12. Bg5 h6 13. Bh4 Qc5 14. Qxc5 Nxc5 15. e5 dxe5 16. Nxe5 g5 17. Bg3 Nce4 18. Nxe4 Nxe4 19. Nc4 Nxg3 20. hxg3 Rb8 21. Bf3 Bf6 22. c3 e5 23. Nd6 Re7 24. Ne4 Kg7 25. Nxf6 Kxf6 26.
Rd8 e4 27. Bg4 Bxg4 28. Rxb8 Rd7 29. Re1 Bf5 30. b4 Ke5 31. c4 Rc7 32. b5 Be6 33.
b6 Re7 34. c5 Bd5 35. Rd1 Bc6 36. Rd6 f5 37. Rc8 Bd5 38. Rc7 Re8 39. Rxh6 f4 40. gxf4+ gxf4 41. Rh5+ Kd4 42. Rd7 1-0

[Event "*** SCC Grand Prix: Titled Tuesday Blitz"]
[Site "Chess.com"]
[Date "2020.06.02"]
[Round "8"]
[White "Zenzo"]
[Black "51616516516"]
[Result "1-0"]
[WhiteElo "2552"]
[BlackElo "2373"]
[TimeControl "180+1"]
[EndTime "11:35:27 PDT"]
[Termination "Zenzo won on time"]

1. e4 c5 2. Nf3 g6 3. d4 cxd4 4.
Nxd4 Nc6 5. Nc3 Bg7 6. Be3 Nf6 7. Bc4 O-O 8. Bb3 d6 9. f3 Bd7 10. Qd2 Nxd4 11. Bxd4 b5 12. Nd5 e6 13. Nxf6+ Bxf6 14. O-O-O a5 15. a3 b4 16. a4 Ra6 17. Bc4 Ra8 18.
Bb3 Ra6 19. h4 e5 20. Be3 Bxh4 21. g4 g5 22. Rxh4 gxh4 23. Bg5 Qe8 24. Bf6 1-0

[Event "*** SCC Grand Prix: Titled Tuesday Blitz"]
[Site "Chess.com"]
[Date "2020.06.02"]
[Round "8"]
[White "Alexander_Donchenko"]
[Black "Gmedmundo"]
[Result "1/2-1/2"]
[WhiteElo "2688"]
[BlackElo "2511"]
[TimeControl "180+1"]
[EndTime "11:35:29 PDT"]
[Termination "Game drawn by repetition"]

1. e4 c5 2. Nf3 d6 3. d4 cxd4 4. Nxd4 Nf6 5. Nc3 Nc6 6. Bg5 e6 7. Qd2 a6 8. O-O-O Bd7 9. f4 h6 10. Bxf6 Qxf6 11. Nf3 Qd8 12. a3 Qa5 13. Bc4 Be7 14.
Kb1 O-O-O 15. f5 Kb8 16. fxe6 fxe6 17. Rhe1 Ne5 18. Bb3 Nxf3 19. gxf3 g5 20. f4 gxf4 21. Qxf4 Qe5 22. Qxe5 dxe5 23. Ne2 Bc8 24. Ng3 Rxd1+ 25.
Rxd1 Rf8 26. Rf1 Rf4 27. Kc1 Bh4 28. Bc4 b5 29. Bd3 Bb7 30. Kd2 Bxg3 31. hxg3 Rxf1 32.
Bxf1 Bxe4 33. c4 Bc6 34. cxb5 axb5 35. Bh3 Bd7 36. Ke3 Kc7 37. Bf1 Kd6 38. Bd3 Bc6 39. Be4 Bd5 40. Bd3 Kc5 41. Be2 Kc6 42.
Bd3 Kc5 43. Be2 Kc6 44. Bd3 Kc5 1/2-1/2

[Event "*** SCC Grand Prix: Titled Tuesday Blitz"]
[Site "Chess.com"]
[Date "2020.06.02"]
[Round "8"]
[White "biaf13"]
[Black "Logman74"]
[Result "0-1"]
[WhiteElo "2027"]
[BlackElo "2368"]
[TimeControl "180+1"]
[EndTime "11:35:29 PDT"]
[Termination "Logman74 won by checkmate"]

1. e4 c5 2. Nf3 d6 3. d4 cxd4 4. Nxd4 Nf6 5. Nc3 a6 6. Be3 e5 7. Nb3 Be7 8. f3 Be6 9. Qd2 O-O 10. O-O-O a5 11. Bb5 Na6 12. g4 Nc7 13. Bb6 Nd7 14. Bxd7 Bg5 15. Be3 Bxe3 16. Qxe3 Qxd7 17. a3 Bxb3 18.
cxb3 Nb5 19. Nxb5 Qxb5 20. Kb1 Ra6 21. Rd5 Qd7 22. Rhd1 Rc8 23. Qd2 Qc7 24. Rxd6 Rxd6 25. Qxd6 Qc2+ 26. Ka2 h6 27. Rd2 Qc1 28. Rd1 Qf4 29. Qd7 Rc2 30. Qxb7 Qxf3 31. Rd8+ Kh7 32. Qd5 Qc3 33. Qxe5 Rxb2+ 34. Ka1 Qc1# 0-1

[Event "*** SCC Grand Prix: Titled Tuesday Blitz"]
[Site "Chess.com"]
[Date "2020.06.02"]
[Round "8"]
[White "HElissalt"]
[Black "BIG_Pirate"]
[Result "0-1"]
[WhiteElo "2221"]
[BlackElo "2360"]
[TimeControl "180+1"]
[EndTime "11:35:29 PDT"]
[Termination "BIG_Pirate won by resignation"]

1. d4 d5 2. c4 c6 3. cxd5 cxd5 4. Nc3 Nc6 5. Bf4 e5 6. dxe5 d4 7. Ne4 Qa5+ 8. Bd2 Qxe5 9. Ng3 Nf6 10. Nf3 Qd5 11. e4 Nxe4 12. Qe2 f5 13. Ng5 Bb4 14. N5xe4 fxe4 15. Qxe4+ Qxe4+ 16. Nxe4 Bf5 17. Bd3 O-O 18. O-O Bxd2 0-1

[Event "*** SCC Grand Prix: Titled Tuesday Blitz"]
[Site "Chess.com"]
[Date "2020.06.02"]
[Round "8"]
[White "Gyapiking"]
[Black "Xeniya2005"]
[Result "1-0"]
[WhiteElo "2507"]
[BlackElo "2307"]
[TimeControl "180+1"]
[EndTime "11:35:30 PDT"]
[Termination "Gyapiking won by resignation"]

1. d4 Nf6 2. Nf3 d5 3. e3 e6 4. Bd3 c5 5. O-O Nc6 6. b3 Be7 7. Bb2 O-O 8. Nbd2 b6 9. Ne5 Bb7 10. f4 h6 11. Qf3 cxd4 12. exd4 Rc8 13. a3 Nd7 14. Rae1 f5 15. g4 Ndxe5 16. fxe5 g6 17. gxf5 gxf5 18. Kh1 Kh7 19. Rg1 Bg5 20. Bc1 Nxd4 21.
Qh5 Qe7 22. h4 Bf4 23. Nf3 Bxc1 24. Nxd4 Bf4 25. Rg6 Rg8 26. Reg1 Rcf8 27. Rxg8 Rxg8 28. Rxg8 Kxg8 29. Qg6+ Qg7 30. Qxg7+ Kxg7 31. Nxe6+ Kf7 32. Nxf4 d4+ 33. Kh2 1-0

[Event "*** SCC Grand Prix: Titled Tuesday Blitz"]
[Site "Chess.com"]
[Date "2020.06.02"]
[Round "8"]
[White "novocane"]
[Black "Gandrade2"]
[Result "1-0"]
[WhiteElo "2164"]
[BlackElo "2010"]
[TimeControl "180+1"]
[EndTime "11:35:30 PDT"]
[Termination "novocane won by checkmate"]

1. d4 Nf6 2. c4 g6 3. Nc3 Bg7 4. e4 d6 5. f3 O-O 6. Bg5 c5 7. d5 e6 8. Qd2 exd5 9. cxd5 Qb6 10. Nge2 Nbd7 11. Ng3 a6 12. Be2 Qc7 13. a4 b6 14.
O-O Ne5 15. h3 Bb7 16. f4 Ned7 17. e5 dxe5 18. d6 Qc8 19. fxe5 Ne8 20. Be7 Nxe5 21. Bxf8 Bxf8 22. Nge4 Qe6 23. Qf4 Nxd6 24. Ng5 Qf5 25. Qh4 Nf3+ 26. Rxf3 Bxf3 27. Qxh7# 1-0

[Event "*** SCC Grand Prix: Titled Tuesday Blitz"]
[Site "Chess.com"]
[Date "2020.06.02"]
[Round "8"]
[White "atalz0"]
[Black "pedro_nascimento85"]
[Result "1-0"]
[WhiteElo "2312"]
[BlackElo "1948"]
[TimeControl "180+1"]
[EndTime "11:35:33 PDT"]
[Termination "atalz0 won by resignation"]

1. d4 e6 2. c4 d5 3. Nc3 Be7 4. cxd5 exd5 5. Bf4 Nf6 6. e3 O-O 7. Bd3 c6 8. h3 Re8 9. Nge2 Nbd7 10. O-O Nf8 11.
Qc2 Ne6 12. Be5 h6 13. Rad1 Nd7 14. Bg3 Bh4 15. Bh2 Be7 16. f3 Qb6 17. Kh1 Nf6 18. e4 dxe4 19. fxe4 Rd8 20. e5 Nd5 21. Nxd5 Rxd5 22. Bh7+ Kh8 23. Rxf7 Bg5 24. Bg1 Bd7 25. Be4 Rb5 26. Rxd7 Rxb2 27. Qc4 Re8 28. d5 cxd5 29.
Bxd5 Nf4 30. Bxb6 1-0

[Event "*** SCC Grand Prix: Titled Tuesday Blitz"]
[Site "Chess.com"]
[Date "2020.06.02"]
[Round "8"]
[White "m-garcett"]
[Black "CalinGheorghiu"]
[Result "0-1"]
[WhiteElo "2069"]
[BlackElo "2313"]
[TimeControl "180+1"]
[EndTime "11:35:36 PDT"]
[Termination "CalinGheorghiu won by resignation"]

1. e4 c5 2. Nf3 d6 3. d4 cxd4 4. Nxd4 Nf6 5. Nc3 a6 6. Bg5 e6 7. f4 h6 8. Bh4 Qb6 9. a3 Nc6 10.
Bf2 Qc7 11. Qf3 Be7 12. O-O-O Rb8 13. g4 b5 14. Bxb5 axb5 15. Ndxb5 Qb7 16. Rxd6 O-O 17. Rdd1 e5 18. g5 hxg5 19. fxg5 Nd4 20. Bxd4 exd4 21. Rxd4 Ng4 22. h4 Be6 23. Ra4 Bc5 24. h5 Be3+ 25.
Kb1 Bxg5 26. Rb4 Be7 27. Nd6 Qc6 28. Rxb8 Rxb8 29. Nf5 Bxf5 30. exf5 Qxf3 0-1

[Event "*** SCC Grand Prix: Titled Tuesday Blitz"]
[Site "Chess.com"]
[Date "2020.06.02"]
[Round "8"]
[White "LamaChampetre"]
[Black "yonaltimur"]
[Result "1-0"]
[WhiteElo "2192"]
[BlackElo "1560"]
[TimeControl "180+1"]
[EndTime "11:35:37 PDT"]
[Termination "LamaChampetre won by checkmate"]

1. d4 d5 2. c4 e6 3. Nf3 a6 4. g3 dxc4 5. Bg2 c6 6. Ne5 b5 7. Nxc6 Qb6 8. Nxb8 Rxb8 9. O-O Bb7 10. e4 Nf6 11.
Be3 Qd8 12. Bf4 Ra8 13. d5 exd5 14. exd5 Bd6 15. Re1+ Kf8 16. Bg5 h6 17. Be3 Kg8 18.
Nc3 Kh7 19. Qc2+ g6 20. Rad1 Nd7 21. Qd2 Kg7 22. Bd4+ Nf6 23. Ne4 Be7 24. d6 Bxe4 25.
dxe7 Qxe7 26. Rxe4 Qd6 27. Rf4 Kh7 28. Bxf6 Qxd2 29. Rxd2 Rhe8 30. Re4 Rxe4 31. Bxe4 Re8 32. f3 h5 33. Rd7 b4 34. Rxf7+ Kg8 35. Bd5 Re1+ 36.
Kf2 Rd1 37. Rd7+ Kf8 38. Rd8# 1-0

[Event "*** SCC Grand Prix: Titled Tuesday Blitz"]
[Site "Chess.com"]
[Date "2020.06.02"]
[Round "8"]
[White "EvgenyRomanov"]
[Black "Konavets"]
[Result "0-1"]
[WhiteElo "2668"]
[BlackElo "2961"]
[TimeControl "180+1"]
[EndTime "11:35:38 PDT"]
[Termination "Konavets won by resignation"]

1. d4 Nf6 2. c4 g6 3. Nc3 Bg7 4. e4 d6 5. Bd3 O-O 6. Nge2 Nc6 7. O-O e5 8. d5 Ne7 9. a4 Nh5 10.
Ra3 a5 11. Bb1 f5 12. exf5 gxf5 13. f4 e4 14. Nb5 Ng6 15. Rh3 Nf6 16. Be3 Bd7 17.
b3 h5 18. Kh1 h4 19. Bd4 Ng4 20.
Bxg7 Kxg7 21. Ned4 Rc8 22. Qe1 Qf6 23. Nc2 c6 24.
Nc3 Rce8 25. Ne3 Rh8 26. Ncd1 b6 27. dxc6 Bxc6 28. Nc3 Ne7 29. Bc2 Rh6 30. Qd2 Rg6 31. Ne2 Nxe3 32. Rxe3 d5 33. Nd4 dxc4 34. bxc4 Bb7 35.
Rd1 Kh6 36. Nb5 Reg8 37. Rg1 Rg4 38. Qf2 Ng6 39. g3 Nxf4 40. Qd2 Rd8 41. Qc1 Nh3 42.
Rd3+ e3+ 43. Rg2 Rxd3 44. Bxd3 f4 0-1

[Event "*** SCC Grand Prix: Titled Tuesday Blitz"]
[Site "Chess.com"]
[Date "2020.06.02"]
[Round "8"]
[White "ShahMatKanal"]
[Black "CMS13"]
[Result "1-0"]
[WhiteElo "2472"]
[BlackElo "2240"]
[TimeControl "180+1"]
[EndTime "11:35:38 PDT"]
[Termination "ShahMatKanal won by resignation"]

1. e4 e5 2. f4 exf4 3. Nf3 Be7 4. Bc4 Nf6 5. Nc3 O-O 6. O-O Nxe4 7. Nxe4 d5 8. Bd3 dxe4 9. Bxe4 Re8 10. d4 Bd6 11. Bd3 Nc6 12. c3 Bg4 13. h3 Bh5 14. Qb3 Na5 15. Qd5 c6 16. Qxh5 g6 17. Qh6 Qc7 18. Ng5 f6 19. Bxg6 hxg6 20. Qxg6+ Qg7 21.
Qxg7+ Kxg7 22. Nf3 Nc4 23. Nh4 Bc7 24. Bxf4 Bxf4 25.
Rxf4 Re2 26. Rf2 Rxf2 27. Kxf2 Nxb2 28. Rb1 Nc4 29. Rxb7+ Kh6 30. Nf5+ Kg5 31. g4 Rh8 32.
Kg3 Rg8 33. h4+ Kg6 34. Ne7+ 1-0

[Event "*** SCC Grand Prix: Titled Tuesday Blitz"]
[Site "Chess.com"]
[Date "2020.06.02"]
[Round "8"]
[White "Sanyura"]
[Black "konradrutkowski"]
[Result "0-1"]
[WhiteElo "2515"]
[BlackElo "2373"]
[TimeControl "180+1"]
[EndTime "11:35:40 PDT"]
[Termination "konradrutkowski won by resignation"]

1. e4 e5 2. Nf3 Nc6 3. Bb5 g6 4. c3 a6 5. Ba4 Bg7 6. d4 exd4 7. cxd4 Nge7 8. d5 b5 9. Bb3 Na5 10. Bd2 Nxb3 11. Qxb3 c5 12. d6 Nc6 13. Bc3 Nd4 14. Nxd4 cxd4 15. Bb4 Bb7 16. O-O O-O 17. Nd2 Qb6 18.
Rac1 Rfc8 19. Qa3 a5 20. Bc5 Qa6 21. Qd3 b4 22. Qxa6 Bxa6 23. Rfe1 Bh6 24. Red1 Be2 25. Bxd4 Bxd1 26. Rxd1 Bxd2 0-1